 Dungeon Crawl Stone Soup version 0.31.0-11-ge490571c62 (webtiles) character file.

Game seed: 12335506191937241919

256 qw the Skirmisher (level 5, -4/30 HPs)
             Began as a Deep Elf Hunter on Feb 4, 2024.
             Killed from afar by a steam dragon (18 damage)
             ... with a ball of steam
             ... on level 4 of the Dungeon.
             The game lasted 00:00:09 (2292 turns).

qw the Skirmisher (Deep Elf Hunter)                 Turns: 2292, Time: 00:00:09

Health: -4/30      AC:  7    Str:  5    XL:     5   Next: 92%
Magic:  7/7        EV:  9    Int: 16    God:
Gold:   153        SH:  0    Dex: 18    Spells: 4/4 levels left

rFire   . . .        a - +0 shortbow (freeze)
rCold   . . .        (shield currently unavailable)
rNeg    + . .        b - +0 ring mail
rPois   .            (no helmet)
rElec   .            (no cloak)
rCorr   .            (no gloves)
SInv    .            i - +1 pair of boots
Will    +....        o - amulet of regeneration
Stlth   +            n - ring "Loototz" {rN+ Will+ Str-5 Int+2}
HPRegen 1.05/turn    (no ring)
MPRegen 0.10/turn

%: no passive effects
@: no status effects
A: no striking features
a: no special abilities


You were on level 4 of the Dungeon.
You visited 1 branch of the dungeon, and saw 4 of its levels.

You collected 153 gold pieces.


   Skills:
 - Level 2.0 Fighting
 + Level 9.3 Ranged Weapons
 - Level 2.4 Dodging
 - Level 1.2 Stealth


You had 4 spell levels left.
You didn't know any spells.
Your spell library was empty.

Inventory:

Hand Weapons
 a - a +0 shortbow of freezing (weapon)
Armour
 b - a +0 ring mail (worn)
 i - a +1 pair of boots (worn)
Jewellery
 n - the ring "Loototz" (left hand) {rN+ Will+ Str-5 Int+2}
   (You found it on level 3 of the Dungeon)

   [ring of positive energy]

   Str-5:     It affects your strength (-5).
   Int+2:     It affects your intelligence (+2).
   rN+:       It protects you from negative energy.
   Will+:     It increases your willpower.
 o - an amulet of regeneration (around neck)
Wands
 c - a wand of charming (7)
 d - a wand of flame (24)
Scrolls
 f - a scroll of teleportation
Potions
 g - 3 potions of curing
 k - a potion of magic {unknown}
 m - a potion of heal wounds {unknown}

Dungeon Overview and Level Annotations

Branches:
Dungeon (4/15)
 Temple: D:4-7

Altars:
Elyvilon

Annotations:
D:3 1 runed translucent door, Crazy Yiuf


Message History

You open the door.
There is an open door here.
Found a scroll of fog.
Found a chain mail.
An adder comes into view.
Found a blackened lead wand.
You shoot an arrow. The arrow barely misses the adder.
The adder hisses angrily.
You shoot an arrow. The arrow hits the adder!
The arrow freezes the adder.
You kill the adder!
c - a wand of charming (7)
You open the door.
Found a buckler.
A steam dragon comes into view.
You shoot an arrow. The arrow hits the steam dragon.
The arrow freezes the steam dragon.
The steam dragon hisses angrily.
The steam dragon is lightly wounded.
You shoot an arrow.
The arrow hits the steam dragon but does no damage.
The steam dragon is lightly wounded.
The steam dragon breathes steam at you. The ball of steam hits you.
You hear a shout!
2285 ||| Stepping ~*~*~tactically~*~*~ (cloud).
You shoot an arrow.
The arrow closely misses the steam dragon.
The steam dragon breathes steam at you. The ball of steam hits you!!
Ouch! That really hurt!
2288 ||| Stepping ~*~*~tactically~*~*~ (cloud).
2289 ||| FLEEEEING.
You start resting.
A steam dragon is nearby!
You shoot an arrow.
The arrow barely misses the steam dragon.
The steam dragon breathes steam at you. The ball of steam hits you!!
Ouch! That really hurt!
You die...

#......######
..###..### ##.....#
#.. ## #.....# ..
.. #.....# .. ..
#.....# .. ..
#.....# . ..
#.....# ..
##.....############
##
#......@¤¤.D.......
#...........¤¤.....
#..............¤...
#..................
#...............¤..
#.......###########
#......[# #.......#
......


There were no monsters in sight!

Vanquished Creatures
  A scorpion (D:4)
  An orc priest (D:3)
  Jessica (D:2)
  An orc wizard (D:4)
  6 adders
  3 ribbon worms
  A dart slug (D:1)
  5 orcs (D:3)
  An endoplasm (D:1)
  2 giant cockroaches
  6 goblins
  5 hobgoblins
  7 kobolds
  2 quokkas
  3 ball pythons
  9 bats
  3 frilled lizards
  3 rats (D:1)
60 creatures vanquished.

Notes
Turn   | Place    | Note
-------+----------+-------------------------------------------
     0 | D:1      | qw the Deep Elf Hunter began the quest for the Orb.
     0 | D:1      | Reached XP level 1. HP: 12/12 MP: 3/3
     0 | D:1      | 0 ||| qw: Version: 0.3-a-160-g6735b56
     0 | D:1      | 0 ||| qw: Game counter: 4399
     0 | D:1      | 0 ||| qw: Melee chars always use a shield: true
     0 | D:1      | 0 ||| qw: God list: Okawaru
     0 | D:1      | 0 ||| qw: Allow faded altars: false
     0 | D:1      | 0 ||| qw: Do Orc after clearing Dungeon:15 true
     0 | D:1      | 0 ||| qw: Do second Lair branch before Depths: true
     0 | D:1      | 0 ||| qw: Lair rune preference: random
     0 | D:1      | 0 ||| qw: Goals: Normal
     0 | D:1      | 0 ||| PLANNING D:1-11
    99 | D:1      | Reached XP level 2. HP: 16/16 MP: 4/4
   146 | D:1      | Reached skill level 6 in Ranged Weapons
   409 | D:1      | 409 ||| READING 3 scrolls labelled NOEPOELUYB.
   409 | D:1      | 409 ||| IDENTIFYING 2 pink potions
   410 | D:1      | 410 ||| READING 2 scrolls of identify.
   410 | D:1      | 410 ||| IDENTIFYING scroll labelled IPNUAMUNITS
   411 | D:1      | 411 ||| READING scroll of brand weapon.
   411 | D:1      | 411 ||| BRANDING +0 shortbow.
   412 | D:1      | 412 ||| READING scroll of identify.
   412 | D:1      | 412 ||| IDENTIFYING scroll labelled BOTHRO NEUNN
   413 | D:1      | 413 ||| READING scroll labelled BOEWERPH OGUT.
   414 | D:1      | 414 ||| DROPPING scroll of butterflies.
   447 | D:2      | Noticed Jessica
   448 | D:2      | Killed Jessica
   449 | D:2      | Reached skill level 7 in Ranged Weapons
   449 | D:2      | Reached XP level 3. HP: 20/20 MP: 5/5
   677 | D:2      | Identified the +7 whip "Ociune" {drain, Int+2 Dex+3 Stlth+}
   995 | D:2      | 995 ||| READING scroll of identify.
   995 | D:2      | 995 ||| IDENTIFYING murky amethyst potion
   996 | D:2      | 996 ||| DROPPING potion of ambrosia.
  1088 | D:3      | Reached XP level 4. HP: 25/25 MP: 6/6
  1099 | D:3      | Found a white marble altar of Elyvilon.
  1125 | D:3      | Reached skill level 8 in Ranged Weapons
  1269 | D:3      | Reached XP level 5. HP: 29/29 MP: 7/7
  1284 | D:3      | HP: 7/29 [poisoned by an adder]
  1425 | D:3      | Identified the ring "Loototz" {rN+ Will+ Str-5 Int+2}
  1799 | D:3      | Found a runed translucent door.
  1800 | D:3      | Noticed Crazy Yiuf
  1995 | D:3      | 1995 ||| UPGRADING to +0 ring mail.
  2005 | D:3      | 2005 ||| DROPPING +0 leather armour.
  2006 | D:3      | 2006 ||| UPGRADING to +0 pair of boots.
  2011 | D:3      | 2011 ||| UPGRADING to amulet of regeneration.
  2016 | D:3      | 2016 ||| UPGRADING to ring "Loototz" {rN+ Will+ Str-5
                  | Int+2}.
  2017 | D:3      | 2017 ||| READING scroll labelled RACZIV COVAMYJI.
  2018 | D:3      | 2018 ||| READING scroll labelled RONESTROLEBB.
  2018 | D:3      | 2018 ||| ENCHANTING +0 pair of boots.
  2019 | D:3      | 2019 ||| READING scroll labelled XIROIP BUYCSE.
  2120 | D:3      | 2120 ||| READING 2 scrolls labelled CIR OMODGHISAV.
  2121 | D:3      | 2121 ||| DROPPING scroll of fog.
  2150 | D:4      | Reached skill level 9 in Ranged Weapons
  2194 | D:4      | 2194 ||| FLEEEEING.
  2195 | D:4      | 2195 ||| FLEEEEING.
  2196 | D:4      | 2196 ||| FLEEEEING.
  2197 | D:4      | 2197 ||| FLEEEEING.
  2198 | D:4      | 2198 ||| FLEEEEING.
  2199 | D:4      | 2199 ||| FLEEEEING.
  2282 | D:4      | Noticed a steam dragon
  2285 | D:4      | 2285 ||| Stepping ~*~*~tactically~*~*~ (cloud).
  2288 | D:4      | 2288 ||| Stepping ~*~*~tactically~*~*~ (cloud).
  2289 | D:4      | 2289 ||| FLEEEEING.
  2292 | D:4      | Killed from afar by a steam dragon

Levels and vault maps discovered:
D:1:      dpeg_arrival_ternary, layout_rooms, corexii_leaking_fountain
D:2:      layout_basic, minmay_misc_feat_roman, minmay_hedge_maze, uniq_jessica
D:3:      layout_basic, elyvilon_altar_4, minivault_25, uniq_crazy_yiuf_cottage
D:4:      layout_gridville

Skill      XL: |  1  2  3  4  5 |
---------------+----------------+-----
Ranged Weapons | 7 8 9 |  9.3
Fighting       | 2 |  2.0
Dodging        | |  2.4
Stealth        | |  1.2

Action                     |  1- 3 |  4- 6 || total
---------------------------+-------+-------++-------
   Fire: Shortbow          |    69 |    76 ||   145
    Use: Scroll            |     6 |     4 ||    10
 Armour: Leather armour    |     2 |     9 ||    11
         Ring mail         |       |    10 ||    10
  Dodge: Dodged            |     6 |    11 ||    17

Table legend:
 A = Non-vault XP
 B = Vault XP
 C = Vault XP percentage of total XP
 D = Non-vault monster count
 E = Vault monster count
 F = Vault count percentage of total count
                 A         B        C        D         E       F
            +---------+---------+-------+---------+---------+-------
      Total |     329 |      37 |  10.1 |      59 |       1 |   1.7
            +---------+---------+-------+---------+---------+-------
        D:1 |      30 |       0 |   0.0 |      19 |       0 |   0.0
        D:2 |      19 |      37 |  66.1 |      10 |       1 |   9.1
        D:3 |     140 |       0 |   0.0 |      25 |       0 |   0.0
        D:4 |     140 |       0 |   0.0 |       5 |       0 |   0.0
            +---------+---------+-------+---------+---------+-------
